 Dungeon Crawl Stone Soup version 0.28-a0-535-g6f645e4c1d (webtiles) character file.

Game seed: 3045040766866619348

184 jasper the Grave Robber (level 5, -2/54 HPs)
             Began as a Demonspawn Necromancer on Sept 26, 2021.
             Was an Initiate of Cheibriados.
             Slain by a scorpion (7 damage)
             ... on level 4 of the Dungeon.
             The game lasted 00:05:12 (3253 turns).

jasper the Grave Robber (Demonspawn Necromancer)    Turns: 3253, Time: 00:05:13

Health: -2/54      AC:  3    Str:  8 (9)  XL:     5   Next: 36%
Magic:  3/8        EV: 12    Int: 16 (19) God:    Cheibriados [......]
Gold:   56         SH:  0    Dex: 13 (14) Spells: 3/8 levels left

rFire   . . .      SeeInvis .     - Unarmed
rCold   . . .      Faith    .   (no shield)
rNeg    . . .      Spirit   .   a - +0 robe
rPois   .          Reflect  .   (helmet restricted)
rElec   .          Harm     .   (no cloak)
rCorr   .          Rampage  .   (no gloves)
Will    .....                   c - +0 pair of boots
Stlth   ..........              (no amulet)
HPRegen 0.18/turn               (no ring)
MPRegen 0.11/turn               (no ring)

@: berserking, lethally poisoned (-2 -> -5), flying, very slightly contaminated,
very slow
A: antennae 1, hooves 1, demonic guardian 1
a: Renounce Religion, Bend Time


You were on level 4 of the Dungeon.
You worshipped Cheibriados.
Cheibriados was noncommittal.
You visited 1 branch of the dungeon, and saw 4 of its levels.

You collected 56 gold pieces.

Inventory:

Hand Weapons
 g - a +0 hand axe
Missiles
 b - 51 stones
 h - 69 bolts
Armour
 a - a +0 robe (worn)
 c - a +0 pair of boots (worn)
 m - a +0 leather armour
Wands
 d - a wand of acid (7)
Scrolls
 i - a scroll of teleportation {unknown}
 j - a scroll of fog {unknown}
 k - a scroll of identify {unknown}


   Skills:
 + Level 0.7 Fighting
 + Level 2.0 Dodging
 - Level 1.7 Stealth
 * Level 1.0 Unarmed Combat
 - Level 2.0 Spellcasting
 - Level 7.0 Necromancy


You had 3 spell levels left.
You knew the following spells:

 Your Spells              Type           Power      Damage    Failure   Level
a - Pain                  Necr           96%        1d8       1%          1
b - Animate Skeleton      Necr           48%        N/A       1%          1
c - Vampiric Draining     Necr           12%        2d7       3%          3

Your spell library contained the following spells:

 Spells                   Type           Power      Damage    Failure   Level
 Animate Dead             Necr           12%        N/A       12%         4
 Agony                    Necr           24%        N/A       32%         5


Dungeon Overview and Level Annotations

Branches:
Dungeon (4/15)
 Temple: D:4-7

Altars:
Cheibriados
The Shining One

Annotations:
D:3 Sigmund


Innate Abilities, Weirdness & Mutations

You have a pair of small antennae on your head.
You have large cloven feet.
A weak demonic guardian rushes to your aid.


Message History

Aim: a scorpion (heavily wounded, ally target, chance to affect: 84%)
The scorpion writhes in agony.
The scorpion stings you.
You are poisoned.
The scorpion poisons you!
You take 7 damage, and have 20/36 hp.
You now have 4/8 mp.
Aiming: Pain (safe; 1% risk of failure)
Press: ? - help, Q - select action, (/) - cycle Shift-Dir - straight line, f/p - scorpion
Aim: a scorpion (heavily wounded, ally target, chance to affect: 84%)
The scorpion barely resists.
You feel very sick.
Your white imp misses the scorpion.
The scorpion stings you.
You take 8 damage, and have 12/36 hp.
MASSIVE DAMAGE!!
You now have 3/8 mp.
It was a potion of degeneration.
There was something very wrong with that liquid.
You feel weakened.
You feel dopey.
You feel clumsy.
You feel sick. The scorpion closely misses you.
Your white imp hits the scorpion but does no damage.
The scorpion barely misses you.
You take 2 damage, and have 10/36 hp.
It was a potion of flight.
You feel very buoyant.
You fly up into the air.
You feel sick.
Your white imp barely misses the scorpion.
The scorpion stings you.
* * * LOW HITPOINT WARNING * * *
You take 3 damage, and have 7/36 hp.
It was a potion of berserk rage.
A red film seems to cover your vision as you go berserk!
Cheibriados protects you from inadvertent hurry.
You feel mighty!
You feel sick.
Your white imp hits the scorpion but does no damage.
The scorpion stings you.
* * * LOW HITPOINT WARNING * * *
You now have 6/54 hp.
You closely miss the scorpion.
The scorpion is heavily wounded.
You feel sick.
Your white imp hits the scorpion.
Your white imp freezes the scorpion.
The scorpion stings you!
You die...

..........######..
.......#..........
#..#...########.#
#.............## #
#..#..≈≈≈≈≈≈≈..#.# .
#.≈≈≈≈≈≈......#
#.≈≈_...)8.##.#
...(.≈≈≈≈≈≈...#..#.#.
......≈≈≈≈≈≈≈@.......
####........5s#.####.
..#####.......# ##.
........... #
............
..###......... .#
#.........
/...$.....#


You could see a scorpion (ally target) and a friendly white imp (summoned).

Vanquished Creatures
  Natasha (twice) (D:3)
  7 gnolls
  An adder (D:2)
  A worm (D:2)
  A dart slug (D:1)
  4 ball pythons
  4 giant cockroaches
  2 goblins
  3 hobgoblins
  4 jackals (D:2)
  6 quokkas
  7 bats
  3 frilled lizards
  7 kobolds
  4 rats
56 creatures vanquished.

Notes
Turn   | Place    | Note
-------+----------+-------------------------------------------
     0 | D:1      | jasper the Demonspawn Necromancer began the quest for the
                  | Orb.
     0 | D:1      | Reached XP level 1. HP: 13/13 MP: 3/3
   445 | D:1      | Gained mutation: A weak demonic guardian rushes to your
                  | aid. [demonic ancestry]
   445 | D:1      | Reached XP level 2. HP: 17/19 MP: 1/5
   507 | D:1      | Reached skill level 5 in Necromancy
  1576 | D:2      | Gained mutation: You have large cloven feet. [demonic
                  | ancestry]
  1576 | D:2      | Reached XP level 3. HP: 15/24 MP: 0/6
  1629 | D:2      | Learned a level 1 spell: Animate Skeleton
  1633 | D:2      | Learned a level 3 spell: Vampiric Draining
  2086 | D:2      | Reached skill level 6 in Necromancy
  2187 | D:2      | Gained mutation: You have a pair of small antennae on your
                  | head. [demonic ancestry]
  2187 | D:2      | Reached XP level 4. HP: 28/30 MP: 4/7
  2464 | D:2      | Found a faded altar of an unknown god.
  2712 | D:3      | Noticed Natasha
  2719 | D:3      | Killed Natasha
  2800 | D:3      | Noticed Natasha
  2809 | D:3      | Killed Natasha
  2810 | D:3      | Reached skill level 7 in Necromancy
  2810 | D:3      | Reached XP level 5. HP: 28/35 MP: 3/8
  2937 | D:3      | Reached skill level 1 in Unarmed Combat
  3155 | D:3      | Noticed Sigmund
  3194 | D:4      | Found a snail-covered altar of Cheibriados.
  3221 | D:4      | Became a worshipper of Cheibriados the Contemplative
  3253 | D:4      | Slain by a scorpion

Illustrated notes

Levels and vault maps discovered:
D:1:      dpeg_arrival_arbitrary_a, layout_loops_ring
D:2:      layout_basic, chequers_ecumenical_altar_island, basic_altar,
          kennysheep_generic_room_10
D:3:      layout_loops_ring, uniq_sigmund, uniq_natasha
D:4:      layout_rooms, mainiacjoe_overflow_catwalk, minmay_lizard_king,
          uniq_ijyb, uniq_menkaure, uniq_blork_the_orc

Skill      XL: |  1  2  3  4  5 |
---------------+----------------+-----
Necromancy     | 5 6 7 |  7.0
Dodging        | 2 |  2.0
Unarmed Combat | 1 |  1.0
Fighting       | |  0.7
Stealth        | |  1.7
Spellcasting   | |  2.0

Action                   |  1- 3 |  4- 6 || total
-------------------------+-------+-------++-------
Melee: Unarmed           |     3 |    13 ||    16
       Dagger            |    10 |       ||    10
Throw: Stone             |     3 |       ||     3
 Cast: Pain              |    69 |    46 ||   115
       Animate Skeleton  |     1 |       ||     1
       Vampiric Draining |     1 |       ||     1
  Use: Scroll            |     2 |       ||     2
       Potion            |       |     3 ||     3
Armor: Robe              |     2 |     2 ||     4
Dodge: Dodged            |    12 |    17 ||    29

Table legend: (Time is in decaauts)
 A = Elapsed time spent in this place.
 B = Non-inter-level travel time spent in this place.
 C = Inter-level travel time spent in this place.
 D = Time resting spent in this place.
 E = Time spent auto-exploring this place.
 F = Levels seen in this place.
 G = Mean time per level.
                   A        B        C        D        E       F      G
               +--------+--------+--------+--------+--------+-----+--------+
         Total |   3267 |   3209 |     58 |    253 |   2534 |   4 |  816.8 |
       Dungeon |   3267 |   3209 |     58 |    253 |   2534 |   4 |  816.8 |
               +--------+--------+--------+--------+--------+-----+--------+

Top non-repeatable levels by time:
     D:1: 1533 daAuts
     D:2: 1126 daAuts
     D:3: 538 daAuts
     D:4: 69 daAuts
